 Dungeon Sprint DCSS version 0.31-a0-325-g067879e3d3 (webtiles) character file.

Game seed: 17947745502076042400

8294 HallandMoats the Fighter (level 11, 0/99 HPs)
             Began as a Demonspawn Monk on July 19, 2023.
             Was the Champion of Qazlal.
             Killed from afar by an ancient lich (41 damage)
             ... with a bolt of acid
             ... in the Dungeon (Sprint V: "Ziggurat Sprint").
             The game lasted 00:04:45 (495 turns).

HallandMoats the Fighter (Demonspawn Monk)           Turns: 495, Time: 00:04:45

Health: 0/99       AC: 23    Str: 29    XL:     11   Next: 8%
Magic:  20/20      EV:  3    Int: 11    God:    Qazlal [******]
Gold:   0          SH: 43    Dex: 15    Spells: 10/10 levels left

rFire   + + .        a - +11 Screaming Sword {sonic wave}
rCold   + + .        F - +18 shield of the Gong {Loud rN+ Will+ rCorr EV-5}
rNeg    + . .        k - +5 gold dragon scales
rPois   +            (helmet restricted)
rElec   +            (no cloak)
rCorr   +            (no gloves)
SInv    .            (no boots)
Will    +....        H - amulet of reflection Stlth
                     z - +6 ring of strength
HPRegen 0.36/turn    A - +6 ring of strength
MPRegen 0.17/turn

%: no teleportation, repel missiles, reflection
@: mighty, resistant, hasted (expiring), studying Axes, unable to read, very
quick
A: horns 1, spiny 3, sharp scales 2, demonic magic 1, inability to read after
injury 1
a: Renounce Religion, Upheaval, Elemental Force, Disaster Area


You were in the Dungeon.
You worshipped Qazlal.
Qazlal was exalted by your worship.
You visited 1 branch

Inventory:

Hand Weapons
 a - the +11 Screaming Sword (weapon) {sonic wave}
   (You found it in the Dungeon)
 y - the +8 Vampire's Tooth {megavamp}
   (You found it in the Dungeon)
 E - the +16 obsidian axe {drain, demonic, Mesm Drain Fly SInv}
   (You found it in the Dungeon)

   Mesm:      Its wielder is mesmerised by any visible foes, and it cannot be
   unequipped while any foes are visible.
   SInv:      It lets you see invisible.
   Fly:       It grants you flight.
   Drain:     It drains your maximum health when unequipped.
 G - the +12 glaive of Prune {freeze, Prune}
   (You found it in the Dungeon)

   Prune:     It halves damage taken while paralysed, petrified or unconscious.
Armour
 k - +5 gold dragon scales (worn)
 v - the orb of the Game of Kings {*Rage, rElec rF+++ Regen+}
   (You found it in the Dungeon)

   rF:        It renders you almost immune to fire.
   rElec:     It insulates you from electricity.
   Regen:     It increases your rate of health regeneration.
 F - the +18 shield of the Gong (worn) {Loud rN+ Will+ rCorr EV-5}
   (You found it in the Dungeon)

   Loud:      It is deafeningly noisy when blocking attacks.
   EV:        It affects your evasion (-5).
   rN:        It protects you from negative energy.
   rCorr:     It protects you from acid and corrosion.
   Will:      It increases your willpower.
Jewellery
 x - the ring of the Tortoise {AC+8}
   (You found it in the Dungeon)

   [ring of protection]

   AC:        It affects your AC (+8).
 z - a +6 ring of strength (left hand)
 A - a +6 ring of strength (right hand)
 H - an amulet of reflection (around neck)
Talismans
 u - a storm talisman
Wands
 b - a wand of paralysis (14)
 d - a wand of flame (13)
 o - a wand of polymorph (14)
 B - a wand of mindburst (7)
 C - a wand of iceblast (12)
 D - a wand of quicksilver (7)
Scrolls
 j - 4 scrolls of blinking
 q - 4 scrolls of amnesia
 r - 7 scrolls of fog
 s - 5 scrolls of identify
 t - 2 scrolls of fear
 w - a scroll of brand weapon
Potions
 c - a potion of ambrosia
 e - 10 potions of curing
 f - 9 potions of heal wounds
 g - 8 potions of haste
 h - 7 potions of magic
 i - 3 potions of berserk rage
 l - 2 potions of brilliance
 m - a potion of invisibility
 n - 3 potions of resistance
 p - 4 potions of might


   Skills:
 * Level 13.9 Fighting
 + Level 11.3 Long Blades
 * Level 9.1 Armour
 + Level 8.2 Dodging
 + Level 1.6 Stealth
 * Level 11.8 Shields
 * Level 12.8 Invocations


You had 10 spell levels left.
You didn't know any spells.
Your spell library contained the following spells:

 Spells                   Type           Power      Damage    Failure   Level
 Hailstorm                Conj/Ice       0%         3d3       100%        3
 Inner Flame              Hex/Fire       0%         N/A       100%        3
 Portal Projectile        Hex/Tloc       0%         N/A       100%        3
 Animate Armour           Summ/Erth      0%         N/A       100%        4
 Summon Ice Beast         Ice/Summ       0%         N/A       100%        4
 Metabolic Englaciation   Hex/Ice        0%         N/A       100%        5
 Silence                  Hex/Air        0%         N/A       100%        5
 Summon Mana Viper        Hex/Summ       0%         N/A       100%        5
 Simulacrum               Ice/Necr       0%         N/A       100%        6


Dungeon Overview and Level Annotations

Branches:
Dungeon (1/1)

Altars:
Ashenzari
Cheibriados
Dithmenos
Fedhas
Gozag
Hepliaklqana
Kikubaaqudgha
Makhleb
Nemelex Xobeh
Okawaru
Qazlal
Ru
Sif Muna
Trog
Uskayaw
Vehumet
Wu Jian
Xom
Yredelemnul
Jiyva
Lugonu

Annotations:
D 1 transporter


Innate Abilities, Weirdness & Mutations

You have a pair of small horns on your head.
You are completely covered in sharp spines.
You are mostly covered in razor-sharp scales. (AC +2, Slay +2)
Spells you cast may paralyse adjacent enemies.
You occasionally lose the ability to read scrolls when taking damage.


Message History

You slash the ancient lich! You headbutt the ancient lich.
The ancient lich is moderately damaged.
You block the ancient lich's attack.
BONNNG!
You block the vampire mage's attack.
GONNNNG!
The vampire mage bites you but does no damage.
You closely miss the ancient lich. Your headbutt misses the ancient lich.
The ancient lich is moderately damaged.
You block the ancient lich's attack.
GONNNNG!
You block the mummy's attack.
BOUMMMMG!
Unknown command.
Unknown command.
Unknown command.
You slash the vampire mage!
You destroy the vampire mage!
Qazlal accepts your kill.
The mummy disappears in a puff of smoke! x2
You block the ancient lich's attack.
GONNNNG!
Unknown command.
You barely miss the ancient lich.
The ancient lich is moderately damaged.
You block the ancient lich's attack.
PANG!
Unknown command.
You slash the ancient lich!
The ancient lich is moderately damaged.
The ancient lich touches you.
Unknown command.
You slice the ancient lich!!
The ancient lich is heavily damaged.
Your extra speed is starting to run out.
The ancient lich is engulfed in blazing flames.
The ancient lich points at you and mumbles some strange words.
The bolt of acid hits you!!! You resist.
You feel threatened and lose the ability to read scrolls!
You die...

▓....©....▓...©...▓
▓▓▓▓▓▓▓▓▓▓▓▓▓▓▓▓▓▓▓▓▓
▓...8©8...▓...8©8...▓
▓..[||[)..▓..=|.)|..▓
▓..|)|):..▓...).|...▓
▓.........▓.........▓
▓..§§°☼☼..▓...)))...▓
▓..°.○.°§.▓....†)...▓
▓...L@....▓....†....▓
▓........§▓.▓.....▓.▓
▓..○°.....▓....©....▓
▓....©....▓▓▓▓▓▓▓▓▓▓▓
▓▓▓▓▓▓▓▓▓▓▓


You could see an ancient lich (fast).

Vanquished Creatures
  A purple draconian (D)
  2 vampire magi (D)
  A shining eye (D)
  3 draconians (D)
  A black mamba (D)
  A vault sentinel (D)
  A hellion (D)
  A rime drake (D)
  A yaktaur (D)
  A blink frog (D)
  A raiju (D)
  A shadow (D)
  3 spriggans (D)
  2 wyverns (D)
  A yak (D)
  A basilisk (D)
  A neqoxec (D)
  3 steam dragons (D)
  4 nagas (D)
  2 acid dragons (D)
  2 water moccasins (D)
  2 wolves (D)
  A phantom (D)
  2 necrophages (D)
  A wight (D)
  A quasit (D)
  An iron imp (D)
  An iguana (D)
  5 adders (D)
  A shadow imp (D)
  An adder skeleton (D)
  An adder zombie (D)
  2 bat zombies (D)
  A jackal (D)
  2 ball python skeletons (D)
  A ball python zombie (D)
  3 giant cockroach zombies (D)
  A jackal skeleton (D)
  A quokka skeleton (D)
  A quokka zombie (D)
63 creatures vanquished.

Notes
Turn   | Place    | Note
-------+----------+-------------------------------------------
     0 | D        | HallandMoats the Demonspawn Monk began the quest for the
                  | Orb.
     0 | D        | Reached XP level 1. HP: 18/18 MP: 1/1
     5 | D        | Found a shimmering blue altar of Sif Muna.
     5 | D        | Found a bloodstained altar of Trog.
     5 | D        | Found a sacrificial altar of Ru.
     5 | D        | Found a stormy altar of Qazlal.
     5 | D        | Found an iron altar of Okawaru.
     6 | D        | Found a sparkling altar of Nemelex Xobeh.
     6 | D        | Found a blossoming altar of Fedhas.
     6 | D        | Found the +6 Majin-Bo {spellvamp, MP+6 Int+6}
     6 | D        | Found the +27 heavy crossbow "Sniper" {heavy, Acc+∞ SInv}
     6 | D        | Found the +10 dark maul {heavy}
     6 | D        | Found the +15 Maxwell's patent armour {-Cast -Tele rElec
                  | Will+ rCorr}
     6 | D        | Found the +18 shield of the Gong {Loud rN+ Will+ rCorr
                  | EV-5}
     6 | D        | Found the +16 obsidian axe {drain, demonic, Mesm Drain Fly
                  | SInv}
     6 | D        | Found the +7 great mace "Firestarter" {flame, immolate,
                  | rFlCloud rF++}
     6 | D        | Found the +6 shillelagh "Devastator" {shatter}
     6 | D        | Found the +11 plutonium sword {Contam Stlth-}
     6 | D        | Found the +8 lance "Wyrmbane" {slay drac, rPois rF+ rC+
                  | AC+3}
     6 | D        | Found the +9 sword of Zonguldrok {reap}
     6 | D        | Found the +13 scythe of Curses {drain, curses, Drain}
     6 | D        | Found the +9 sword of Power {lifebolt}
     6 | D        | Found the +7 mace of Variability {chaos, chaos arc}
     6 | D        | Found the +11 Singing Sword {sonic wave}
     6 | D        | Found the +8 storm bow {elec, penet}
     8 | D        | Found a transporter.
     8 | D        | Found an ancient bone altar of Kikubaaqudgha.
     8 | D        | Found a viscous altar of Jiyva.
     8 | D        | Found a corrupted altar of Lugonu.
     8 | D        | Found a hazy altar of Hepliaklqana.
     8 | D        | Found a burning altar of Makhleb.
     8 | D        | Found an opulent altar of Gozag.
    67 | D        | Became a worshipper of Qazlal Stormbringer
    67 | D        | Reached * piety under Qazlal
    67 | D        | Reached ** piety under Qazlal
    74 | D        | Reached skill level 4 in Fighting
    74 | D        | Gained mutation: You are partially covered in sharp spines.
                  | [demonic ancestry]
    74 | D        | Reached XP level 2. HP: 21/21 MP: 1/5
    76 | D        | Entered arena 2.
    76 | D        | Noticed a vault sentinel
    76 | D        | Noticed a yaktaur
    76 | D        | Found a transporter.
    81 | D        | Killed a vault sentinel
    81 | D        | Killed a yaktaur
    82 | D        | Reached skill level 9 in Fighting
    82 | D        | Reached skill level 5 in Armour
    82 | D        | Reached XP level 3. HP: 32/39 MP: 1/8
    82 | D        | Reached XP level 4. HP: 38/46 MP: 1/9
    82 | D        | Gained mutation: You are partially covered in razor-sharp
                  | scales. (AC +1, Slay +1) [demonic ancestry]
    82 | D        | Reached XP level 5. HP: 43/52 MP: 1/10
    82 | D        | Gained mutation: You have a pair of small horns on your
                  | head. [demonic ancestry]
    82 | D        | Reached XP level 6. HP: 48/58 MP: 1/11
    82 | D        | Gained mutation: You are mostly covered in sharp spines.
                  | [demonic ancestry]
    82 | D        | Reached XP level 7. HP: 53/64 MP: 1/12
   155 | D        | Entered arena 3.
   155 | D        | Found a transporter.
   158 | D        | Reached *** piety under Qazlal
   167 | D        | Entered arena 4.
   167 | D        | Found the +10 zealot's sword {holy, Zealotry, *Rage rN+
                  | EV+3}
   167 | D        | Noticed a spriggan
   167 | D        | Noticed a spriggan
   167 | D        | Noticed a spriggan
   167 | D        | Found a transporter.
   170 | D        | Reached skill level 10 in Fighting
   170 | D        | Killed a spriggan
   170 | D        | Killed a spriggan
   170 | D        | Reached **** piety under Qazlal
   170 | D        | Killed a spriggan
   171 | D        | Reached skill level 5 in Shields
   171 | D        | Gained mutation: Spells you cast may paralyse adjacent
                  | enemies. [demonic ancestry]
   171 | D        | Reached XP level 8. HP: 70/74 MP: 14/14
   179 | D        | Entered arena 5.
   179 | D        | Noticed a draconian
   179 | D        | Noticed a draconian
   179 | D        | Noticed a purple draconian
   179 | D        | Noticed a draconian
   179 | D        | Found a transporter.
   186 | D        | Killed a draconian
   187 | D        | Reached skill level 11 in Fighting
   189 | D        | Killed a purple draconian
   189 | D        | Killed a draconian
   190 | D        | Reached skill level 12 in Fighting
   190 | D        | Reached skill level 10 in Invocations
   190 | D        | Gained mutation: You are mostly covered in razor-sharp
                  | scales. (AC +2, Slay +2) [demonic ancestry]
   190 | D        | Reached XP level 9. HP: 40/83 MP: 14/16
   192 | D        | Killed a draconian
   192 | D        | Reached ***** piety under Qazlal
   336 | D        | Entered arena 6.
   336 | D        | Found a transporter.
   354 | D        | Entered arena 7.
   355 | D        | Found a transporter.
   362 | D        | Reached ****** piety under Qazlal
   363 | D        | Reached skill level 13 in Fighting
   366 | D        | Reached XP level 10. HP: 92/92 MP: 18/18
   375 | D        | Entered arena 8.
   376 | D        | Found a transporter.
   393 | D        | Entered arena 9.
   393 | D        | Noticed a shining eye
   394 | D        | Found a transporter.
   395 | D        | Gained mutation: You occasionally lose the ability to read
                  | scrolls when taking damage. [a neqoxec]
   400 | D        | Reached skill level 10 in Long Blades
   401 | D        | Killed a shining eye
   410 | D        | Got Akirchupp's Catalogue of the Fair Folk
   412 | D        | Got the orb of the Game of Kings {*Rage, rElec rF+++
                  | Regen+}
   414 | D        | Entered arena 10.
   414 | D        | Found the ring of the Tortoise {AC+8}
   415 | D        | Found a transporter.
   423 | D        | Reached skill level 10 in Shields
   433 | D        | Got the Incunable of the Charmed Boulder
   444 | D        | Entered arena 11.
   444 | D        | Found the +8 Vampire's Tooth {megavamp}
   444 | D        | Found the +12 glaive of Prune {freeze, Prune}
   444 | D        | Noticed a black mamba
   446 | D        | Found a transporter.
   448 | D        | Killed a black mamba
   449 | D        | Reached skill level 1 in Stealth
   476 | D        | Entered arena 12.
   476 | D        | Noticed a vampire mage
   477 | D        | Noticed an ancient lich
   477 | D        | Noticed a vampire mage
   478 | D        | Found a transporter.
   484 | D        | Noticed a flayed ghost
   484 | D        | Killed a vampire mage
   486 | D        | Gained mutation: You are completely covered in sharp
                  | spines. [demonic ancestry]
   486 | D        | Reached XP level 11. HP: 97/99 MP: 20/20
   492 | D        | Killed a vampire mage
   495 | D        | Killed from afar by an ancient lich

Illustrated notes

Levels and vault maps discovered:
D:        sprint_v [room_start, room_1, room_2, room_3, room_4, room_5, room_6,
          room_7, room_8, room_9, room_10, room_11, room_12, room_13, room_14,
          room_15, room_16, room_17, room_18, room_19, room_20, room_21,
          room_22, room_23, room_24, room_25, room_26, room_27]

Skill      XL: |  1  2  3  4  5  6  7  8  9 10 |
---------------+-------------------------------+-----
Fighting       | 4 9 10 12 13 | 13.9
Long Blades    | 4 6 7 9 11 | 11.3
Armour         | 2 5 6 7 9 |  9.1
Dodging        | 4 6 7 8 |  8.2
Invocations    | 4 7 8 10 11 12 | 12.8
Shields        | 4 5 6 8 11 | 11.8
Stealth        | 1 |  1.6

Action                     |  1- 3 |  4- 6 |  7- 9 | 10-12 || total
---------------------------+-------+-------+-------+-------++-------
  Melee: Double sword      |     3 |       |    31 |    43 ||    77
         Headbutt          |       |       |     8 |     8 ||    16
    Use: Potion            |     1 |       |     1 |     5 ||     7
   Stab: Invisible         |       |       |       |     2 ||     2
 Armour: Gold dragon scale |       |       |    12 |    25 ||    37
  Block: Kite shield       |     7 |       |    59 |    80 ||   146

Table legend: (Time is in decaauts)
 A = Elapsed time spent in this place.
 B = Non-inter-level travel time spent in this place.
 C = Inter-level travel time spent in this place.
 D = Time resting spent in this place.
 E = Time spent auto-exploring this place.
 F = Levels seen in this place.
 G = Mean time per level.
                   A        B        C        D        E       F      G
               +--------+--------+--------+--------+--------+-----+--------+
         Total |    464 |    464 |      0 |    204 |      0 |   1 |  464.0 |
       Dungeon |    464 |    464 |      0 |    204 |      0 |   1 |  464.0 |
               +--------+--------+--------+--------+--------+-----+--------+

Top non-repeatable levels by time:
       D: 464 daAuts
